 Dungeon Crawl Stone Soup version 0.31-a0-806-g0bc164a743 (webtiles) character file.

Game seed: 2135858135201460331

91 Pooter the Shooter (level 4, -2/38 HPs)
             Began as a Minotaur Hunter on Sept 20, 2023.
             Slain by an orc priest
             ... wielding a +0 club
              (3 damage)
             ... on level 3 of the Dungeon.
             The game lasted 00:10:01 (1991 turns).

Pooter the Shooter (Minotaur Hunter)                Turns: 1991, Time: 00:10:02

Health: -2/38      AC:  8    Str: 20    XL:     4   Next: 33%
Magic:  3/3        EV: 11    Int:  6    God:
Gold:   116        SH:  0    Dex: 13    Spells: 3/3 levels left

rFire   . . .        a - +0 morningstar
rCold   . . .        (no shield)
rNeg    . . .        k - +0 ring mail
rPois   .            (helmet restricted)
rElec   .            (no cloak)
rCorr   .            (no gloves)
SInv    .            l - +2 pair of boots "Voq Himu" {Str+2 Stlth+}
Will    .....        n - amulet of magic regeneration
Stlth   ++           (no ring)
HPRegen 0.26/turn    (no ring)
MPRegen 0.48/turn

%: no passive effects
@: no status effects
A: horns 2, retaliatory headbutt
a: no special abilities


You were on level 3 of the Dungeon.
You visited 1 branch of the dungeon, and saw 3 of its levels.

You collected 116 gold pieces.

Inventory:

Hand Weapons
 a - a +0 morningstar (weapon)
   (You took it off an orc on level 3 of the Dungeon)
 b - a +0 shortbow
 r - a +0 hand axe
   (You found it on level 1 of the Dungeon)
Missiles
 h - 10 poisoned darts (quivered)
 Q - 41 stones
Armour
 k - a +0 ring mail (worn)
   (You found it on level 1 of the Dungeon)
 l - the +2 pair of boots "Voq Himu" (worn) {Str+2 Stlth+}
   (You found it on level 2 of the Dungeon)

   Str+2:     It affects your strength (+2).
   Stlth+:    It makes you more stealthy.
Jewellery
 n - an amulet of magic regeneration (around neck)
   (You found it on level 2 of the Dungeon)
Wands
 p - a wand of quicksilver (3)
   (You found it on level 3 of the Dungeon)
Scrolls
 c - a scroll of enchant weapon {unknown}
 f - a scroll of revelation {unknown}
 j - a scroll of butterflies
 q - a scroll of fog
Potions
 d - a potion of mutation {unknown}
 e - a potion of resistance {unknown}
 g - a potion of degeneration {unknown}
 i - 2 potions of heal wounds {unknown}
 m - a potion of berserk rage {unknown}
 o - a potion of enlightenment {unknown}
 s - 2 potions of curing {unknown}


   Skills:
 + Level 3.4 Fighting
 - Level 1.8(2.0) Axes
 * Level 1.0(1.5) Maces & Flails
 * Level 5.5 Ranged Weapons
 - Level 2.1 Dodging
 - Level 0.7 Stealth


You had 3 spell levels left.
You didn't know any spells.
Your spell library was empty.

Dungeon Overview and Level Annotations

Branches:
Dungeon (3/15) Zot: 15981

Altars:
Ashenzari


Innate Abilities, Weirdness & Mutations

You have a pair of horns on your head.
You reflexively headbutt those who attack you in melee.


Message History

An orc comes into view. It is wielding a +0 dagger.
You shoot an arrow.
The arrow closely misses the orc wizard.
The arrow closely misses the orc.
An orc priest comes into view. It is wielding a +0 club.
You shoot an arrow. The arrow closely misses the orc.
The orc priest shouts!
You shoot an arrow. The arrow barely misses the orc.
The arrow barely misses the orc wizard.
You shoot an arrow. The arrow hits the orc!
You kill the orc!
Your Maces & Flails skill increases to level 1!
You shoot an arrow. The arrow hits the orc priest.
You shoot an arrow.
The arrow hits the orc priest but does no damage.
The orc priest invokes the aid of Beogh against you.
Beogh smites you!
a - a +0 morningstar (weapon)
Found 13 gold pieces.
The orc priest closely misses you. You furiously retaliate!
You headbutt the orc priest!
You hit the orc priest but do no damage.
The orc priest barely misses you. The orc priest hits you with a +0 club.
You closely miss the orc priest.
The orc priest hits you but does no damage.
You hit the orc priest but do no damage.
The orc priest closely misses you.
You barely miss the orc priest. The orc priest closely misses you.
The orc wizard gestures wildly while chanting.
The orc wizard flickers and vanishes!
Deactivating autopickup; reactivate with Ctrl-A.
The orc priest hits you but does no damage.
You hit the orc priest but do no damage.
Your headbutt misses the orc priest.
The orc priest hits you but does no damage.
You hit the orc priest.
The orc priest mumbles some strange prayers to Beogh against you.
Beogh smites you!
* * * LOW HITPOINT WARNING * * *
The orc priest invokes the aid of Beogh against you.
Pain shoots through your body!
* * * LOW HITPOINT WARNING * * *
You hit the orc priest but do no damage.
The orc priest begins to cast a cantrip, but forgets the words!
Unknown command.
You barely miss the orc priest.
The orc priest calls down the wrath of Beogh upon you.
Pain shoots through your body!
* * * LOW HITPOINT WARNING * * *
You hit the orc priest. The orc priest hits you with a +0 club.
You die...

#########
........# #
........####...$
........@o{)....
†.......####..#.
........#
##......#
##......#
........####..#.#
#>...............
..
#.......####..#.#
###. #.###.#.##
#..#.# ...


You could see an orc priest.

Vanquished Creatures
  An adder (D:3)
  3 dart slugs (D:2)
  3 orcs (D:3)
  7 bats
  8 endoplasms
  5 giant cockroaches
  5 goblins
  4 hobgoblins
  6 jackals
  3 quokkas
  7 ball pythons
  A frilled lizard (D:2)
  4 kobolds
  7 rats
64 creatures vanquished.

Notes
Turn   | Place    | Note
-------+----------+-------------------------------------------
     0 | D:1      | Pooter the Minotaur Hunter began the quest for the Orb.
     0 | D:1      | Reached XP level 1. HP: 18/18 MP: 0/0
   144 | D:1      | Reached XP level 2. HP: 25/25 MP: 1/1
   391 | D:1      | Reached skill level 5 in Ranged Weapons
   695 | D:2      | Reached XP level 3. HP: 31/31 MP: 2/2
   744 | D:2      | Identified the +2 pair of boots "Voq Himu" {Str+2 Stlth+}
   804 | D:2      | Reached skill level 1 in Axes
  1435 | D:3      | Found a broken altar of Ashenzari.
  1567 | D:3      | Reached XP level 4. HP: 31/38 MP: 3/3
  1689 | D:3      | Found Eholuv's Distillery.
  1979 | D:3      | Reached skill level 1 in Maces & Flails
  1990 | D:3      | HP: 1/38 [orc priest/nerve-wracking pain (4)]
  1991 | D:3      | Slain by an orc priest

Illustrated notes

Levels and vault maps discovered:
D:1:      moated_graveyard_arrival, layout_loops_ring, serial_glass,
          glass_columns_b, glass_columns_b, glass_columns_c, st_stairs_7
D:2:      layout_basic, grunt_ministairs_10
D:3:      layout_basic, general_overflow_altar, serial_shops,
          nicolae_shop_tiny_real_fake_doors

Skill      XL: |  1  2  3  4 |
---------------+-------------+-----
Fighting       | 3 |  3.4
Ranged Weapons | 5 |  5.5
Axes           | 1 |  1.8
Maces & Flails | 1 |  1.0
Dodging        | |  2.1
Stealth        | |  0.7

Action                     |  1- 3 |  4- 6 || total
---------------------------+-------+-------++-------
  Melee: Hand axe          |    22 |       ||    22
         Unarmed           |     4 |       ||     4
         Headbutt          |     4 |       ||     4
         Punch             |     1 |       ||     1
         Morningstar       |     1 |    13 ||    14
   Fire: Shortbow          |    92 |    37 ||   129
    Use: Scroll            |       |     1 ||     1
 Armour: Leather armour    |    18 |       ||    18
         Ring mail         |     5 |    12 ||    17
  Dodge: Dodged            |    27 |    12 ||    39

Table legend: (Time is in decaauts)
 A = Elapsed time spent in this place.
 B = Non-inter-level travel time spent in this place.
 C = Inter-level travel time spent in this place.
 D = Time resting spent in this place.
 E = Time spent auto-exploring this place.
 F = Levels seen in this place.
 G = Mean time per level.
                   A        B        C        D        E       F      G
               +--------+--------+--------+--------+--------+-----+--------+
         Total |   2016 |   1988 |     28 |    105 |   1450 |   3 |  672.0 |
       Dungeon |   2016 |   1988 |     28 |    105 |   1450 |   3 |  672.0 |
               +--------+--------+--------+--------+--------+-----+--------+

Top non-repeatable levels by time:
     D:2: 761 daAuts
     D:1: 683 daAuts
     D:3: 572 daAuts
